 Dungeon Crawl Stone Soup version 0.29-a0-39-g581ba40fa7 (webtiles) character file.

Game seed: 18318425730328774739

4 Bosse the Magician (level 1, 0/13 HPs)
             Began as a Demonspawn Hedge Wizard on Feb 1, 2022.
             Slain by a hobgoblin (4 damage)
             ... on level 1 of the Dungeon.
             The game lasted 00:00:48 (211 turns).

Bosse the Magician (Demonspawn Hedge Wizard)         Turns: 211, Time: 00:00:50

Health: 0/13       AC:  2    Str: 10    XL:     1   Next: 58%
Magic:  3/4        EV: 12    Int: 15    God:
Gold:   0          SH:  0    Dex: 12    Spells: 5/6 levels left

rFire   . . .      SeeInvis .   a - +0 dagger
rCold   . . .      Faith    .   (no shield)
rNeg    . . .      Spirit   .   b - +0 robe
rPois   .          Reflect  .   c - +0 hat
rElec   .          Harm     .   (no cloak)
rCorr   .          Rampage  .   (no gloves)
Will    .....                   (no boots)
Stlth   ++........              (no amulet)
HPRegen 0.04/turn               (no ring)
MPRegen 0.09/turn               (no ring)

@: no status effects
A: no striking features
a: no special abilities


You were on level 1 of the Dungeon.
You visited 1 branch of the dungeon, and saw 1 of its levels.

Inventory:

Hand Weapons
 a - a +0 dagger (weapon)
Armour
 b - a +0 robe (worn)
 c - a +0 hat (worn)
Scrolls
 d - a scroll of identify {unknown}


   Skills:
 + Level 1.7 Dodging
 + Level 1.7 Stealth
 + Level 3.2 Spellcasting
 + Level 1.2 Conjurations
 + Level 1.0 Summonings
 + Level 0.8 Translocations


You had 5 spell levels left.
You knew the following spells:

 Your Spells              Type           Power      Damage    Failure   Level
a - Magic Dart            Conj           24%        1d4       12%         1

Your spell library contained the following spells:

 Spells                   Type           Power      Damage    Failure   Level
 Slow                     Hex            8%         N/A       21%         1
 Call Imp                 Summ           5%         N/A       21%         2
 Blink                    Tloc           8%         N/A       22%         2
 Conjure Flame            Conj/Fire      4%         6-21      43%         3
 Mephitic Cloud           Conj/Pois/Air  3%         N/A       45%         3


Dungeon Overview and Level Annotations

Branches:
Dungeon (1/15)

Altars:


Message History

The magic dart hits the endoplasm.
The endoplasm is moderately wounded.
The kobold shouts!
You are too depleted to draw on your mana recklessly!
The endoplasm jiggles.
A frilled lizard comes into view.
The frilled lizard hisses angrily.
You closely miss the frilled lizard. The frilled lizard barely misses you.
You closely miss the frilled lizard. The endoplasm freezes you.
You are frozen.
The frilled lizard bites you but does no damage.
You miss the frilled lizard.
The endoplasm hits you but does no damage.
The frilled lizard bites you.
You hit the frilled lizard.
You kill the frilled lizard!
The endoplasm barely misses you.
Found a stone staircase leading down.
A hobgoblin comes into view.
A goblin comes into view. It is wielding a +0 club.
The hobgoblin shouts!
The goblin shouts!
The goblin moves out of view.
The hobgoblin hits you. The endoplasm hits you. The hobgoblin hits you.
You are too injured to fight recklessly!
You are too injured to fight recklessly!
You are too injured to fight recklessly!
You are too injured to fight recklessly!
You are too injured to fight recklessly!
Casting: Magic Dart (safe; 12% risk of failure)
Confirm with . or Enter, or press ? or * to list all spells.
Aiming: Magic Dart (safe; 12% risk of failure)
Press: ? - help, Shift-Dir - straight line, f - hobgoblin
Aim: a hobgoblin (100% to hit)
The magic dart hits the hobgoblin.
The hobgoblin is almost dead.
The hobgoblin hits you.
You die...

#.####.g...#... #.#
#.....r###.#.# #.#
.........#...#######.#
.....###.#...........#
.......#.K..##########
....##.#g...# ....
#†J..### #g#### #@#
#.# #.#
#.################
#.................
####
################.# ♣
#⌠⌠# #.....(# #.#
######..# #####.##.###
#.# ........#
#........# #.#


You could see an endoplasm, a hobgoblin, a goblin and a kobold.

Vanquished Creatures
  A ball python (D:1)
  An endoplasm (D:1)
  A hobgoblin (D:1)
  A frilled lizard (D:1)
4 creatures vanquished.

Notes
Turn   | Place    | Note
-------+----------+-------------------------------------------
     0 | D:1      | Bosse the Demonspawn Hedge Wizard began the quest for the
                  | Orb.
     0 | D:1      | Reached XP level 1. HP: 13/13 MP: 4/4
   211 | D:1      | Slain by a hobgoblin

Illustrated notes

Levels and vault maps discovered:
D:1:      beargit_arrival_diablo_church, layout_basic,
          nicolae_ecumenical_lake_church, hangedman_abyss_or_decor_stabs,
          minmay_hedge_maze

Action                   || total
-------------------------++-------
Melee: Dagger            ||     4
 Cast: Magic Dart        ||     9
Armor: Robe              ||     2
Dodge: Dodged            ||     2

Table legend: (Time is in decaauts)
 A = Elapsed time spent in this place.
 B = Non-inter-level travel time spent in this place.
 C = Inter-level travel time spent in this place.
 D = Time resting spent in this place.
 E = Time spent auto-exploring this place.
 F = Levels seen in this place.
 G = Mean time per level.
                   A        B        C        D        E       F      G
               +--------+--------+--------+--------+--------+-----+--------+
         Total |    211 |    211 |      0 |      0 |     88 |   1 |  211.0 |
       Dungeon |    211 |    211 |      0 |      0 |     88 |   1 |  211.0 |
               +--------+--------+--------+--------+--------+-----+--------+

Top non-repeatable levels by time:
     D:1: 211 daAuts
